TOP OF THE 1ST |
Bradenton Sox batting - Pitching for Galveston Sand Crabs : RHP Bill Mooneyham
|
Pitching: RHP Bill Mooneyham
|
|
Batting: RHB Dave Coss
|
0-0: Ground out 6-3 (Groundball, 6, EV 107.5 MPH)
|
Batting: RHB Robert Parr
|
0-0: Swinging Strike 0-1: Ball 1-1: Ball 2-1: Called Strike 2-2: Ground out U3 (Groundball, 3, EV 80.6 MPH)
|
Batting: RHB Dennis Tiefenthaler
|
0-0: Ball 1-0: Called Strike 1-1: Swinging Strike 1-2: Ball 2-2: Ball 3-2: Base on Balls
|
Batting: RHB Dave Hoeksema
|
0-0: Ball 1-0: Called Strike 1-1: Ball 2-1: Foul Ball, location: 2F 2-2: Foul Ball, location: 2F 2-2: Strikes out swinging
|
Top of the 1st over - 0 runs, 0 hits, 0 errors, 1 left on base; Bradenton 0 - Galveston 0 |
BOTTOM OF THE 1ST |
Galveston Sand Crabs batting - Pitching for Bradenton Sox : LHP Mike King
|
Pitching: LHP Mike King
|
|
Batting: LHB David Dyrek
|
0-0: SINGLE (Line Drive, 56D, EV 110.6 MPH)
|
Batting: SHB Ricardo Rivera
|
0-0: Ball 1-0: Ball 2-0: Called Strike 2-1: Grounds into double play, 6-4-3 (Groundball, 6, EV 82.5 MPH)
|
Batting: LHB Van Snider
|
0-0: Ball 1-0: Ball 2-0: Called Strike 2-1: Foul Ball, location: 2F 2-2: Strikes out swinging
|
Bottom of the 1st over - 0 runs, 1 hit, 0 errors, 0 left on base; Bradenton 0 - Galveston 0 |
TOP OF THE 2ND |
Bradenton Sox batting - Pitching for Galveston Sand Crabs : RHP Bill Mooneyham
|
Batting: SHB Thomas Colburn
|
0-0: Swinging Strike 0-1: Foul Ball, location: 2F 0-2: Strikes out swinging
|
Batting: RHB William Murray
|
0-0: Foul Ball, location: 2F 0-1: Ball 1-1: Ground out 5-3 (Groundball, 56S, EV 90.6 MPH)
|
Batting: RHB Andre Wood
|
0-0: Called Strike 0-1: Swinging Strike 0-2: Foul Ball, location: 2F 0-2: Strikes out swinging
|
Top of the 2nd over - 0 runs, 0 hits, 0 errors, 0 left on base; Bradenton 0 - Galveston 0 |
BOTTOM OF THE 2ND |
Galveston Sand Crabs batting - Pitching for Bradenton Sox : LHP Mike King
|
Batting: RHB Stephen Fleming
|
0-0: Called Strike 0-1: Ball 1-1: Ball 2-1: Swinging Strike 2-2: Fly out, F9 (Flyball, 9LD, EV 88.1 MPH)
|
Batting: RHB Cayetano Cadahia
|
0-0: Ball 1-0: Ball 2-0: Ball 3-0: Called Strike 3-1: Fly out, F9 (Flyball, 9, EV 88.8 MPH)
|
Batting: LHB Dave Montanari
|
0-0: Swinging Strike 0-1: Called Strike 0-2: Fly out, F7 (Flyball, 7LD, EV 83.1 MPH)
|
Bottom of the 2nd over - 0 runs, 0 hits, 0 errors, 0 left on base; Bradenton 0 - Galveston 0 |
TOP OF THE 3RD |
Bradenton Sox batting - Pitching for Galveston Sand Crabs : RHP Bill Mooneyham
|
Batting: RHB Anthony Biafore
|
0-0: Ball 1-0: Ball 2-0: Foul Ball, location: 2F 2-1: Swinging Strike 2-2: Foul Ball, location: 2F 2-2: Strikes out looking
|
Batting: RHB Dennis Keating
|
0-0: SINGLE (Line Drive, 4D, EV 106.9 MPH)
|
Batting: RHB Dave Coss
|
Pickoff Throw to First - Error! E1 Dennis Keating to second 0-0: Foul Ball, location: 2F 0-1: Ground out U3 (Groundball, 34, EV 103.8 MPH) Dennis Keating to third
|
Batting: RHB Robert Parr
|
0-0: Foul Ball, location: 2F 0-1: Called Strike 0-2: Ball 1-2: Fly out, F2 (Popup, 23F, EV 90.6 MPH)
|
Top of the 3rd over - 0 runs, 1 hit, 1 error, 1 left on base; Bradenton 0 - Galveston 0 |
BOTTOM OF THE 3RD |
Galveston Sand Crabs batting - Pitching for Bradenton Sox : LHP Mike King
|
Batting: RHB Sergio Padilla
|
0-0: Foul Ball, location: 2F 0-1: Ball 1-1: Ground out 6-3 (Groundball, 6, EV 90.0 MPH)
|
Batting: RHB Willie Thomas
|
0-0: Ball 1-0: Called Strike 1-1: Ground out 5-3 (Groundball, 56, EV 80.6 MPH)
|
Batting: RHB Wil Muela
|
0-0: Foul Ball, location: 2F 0-1: Ball 1-1: Ball 2-1: Swinging Strike 2-2: Foul Ball, location: 2F 2-2: Ball 3-2: Base on Balls
|
Batting: LHB David Dyrek
|
0-0: Ball 1-0: Called Strike 1-1: Ball 2-1: Ball 3-1: Base on Balls Wil Muela to second
|
Batting: SHB Ricardo Rivera
|
0-0: Ball 1-0: Ball 2-0: Foul Ball, location: 2F 2-1: Fly out, F7 (Line Drive, 7, EV 94.4 MPH)
|
Bottom of the 3rd over - 0 runs, 0 hits, 0 errors, 2 left on base; Bradenton 0 - Galveston 0 |
TOP OF THE 4TH |
Bradenton Sox batting - Pitching for Galveston Sand Crabs : RHP Bill Mooneyham
|
Batting: RHB Dennis Tiefenthaler
|
0-0: Ball 1-0: Called Strike 1-1: Foul Ball, location: 2F 1-2: Strikes out looking
|
Batting: RHB Dave Hoeksema
|
0-0: SINGLE (Line Drive, 56D, EV 95.0 MPH)
|
Batting: SHB Thomas Colburn
|
0-0: Called Strike 0-1: Ball 1-1: Swinging Strike 1-2: Ball 2-2: Strikes out swinging
|
Batting: RHB William Murray
|
0-0: Fielders Choice at 2nd, 5-4 (Groundball, 56, EV 86.3 MPH)
|
Top of the 4th over - 0 runs, 1 hit, 0 errors, 1 left on base; Bradenton 0 - Galveston 0 |
BOTTOM OF THE 4TH |
Galveston Sand Crabs batting - Pitching for Bradenton Sox : LHP Mike King
|
Batting: LHB Van Snider
|
0-0: Ball 1-0: Foul Ball, location: 2F 1-1: Called Strike 1-2: Ground out 1-3 (Groundball, 13S, EV 70.6 MPH)
|
Batting: RHB Stephen Fleming
|
0-0: Ball 1-0: Fly out, F8 (Flyball, 89D, EV 93.1 MPH)
|
Batting: RHB Cayetano Cadahia
|
0-0: Ball 1-0: Called Strike 1-1: Called Strike 1-2: Ball 2-2: DOUBLE (Groundball, 5L, EV 102.5 MPH)
|
Batting: LHB Dave Montanari
|
0-0: Foul Ball, location: 2F 0-1: Ball Wild Pitch! Cayetano Cadahia to third 1-1: Called Strike 1-2: Ball 2-2: Ball 3-2: Ground out U3 (Groundball, 3, EV 102.5 MPH)
|
Bottom of the 4th over - 0 runs, 1 hit, 0 errors, 1 left on base; Bradenton 0 - Galveston 0 |
TOP OF THE 5TH |
Bradenton Sox batting - Pitching for Galveston Sand Crabs : RHP Bill Mooneyham
|
Batting: RHB Andre Wood
|
0-0: Ball 1-0: Swinging Strike 1-1: Ball 2-1: Foul Ball, location: 2F 2-2: Foul Ball, location: 2F 2-2: Ground out 4-3 (Groundball, 4, EV 96.3 MPH)
|
Batting: RHB Anthony Biafore
|
0-0: Foul Ball, location: 2F 0-1: Ball 1-1: Ball 2-1: Ground out U3 (Groundball, 3L, EV 86.3 MPH)
|
Batting: RHB Dennis Keating
|
0-0: Ball 1-0: Fly out, F8 (Flyball, 8RD, EV 96.9 MPH)
|
Top of the 5th over - 0 runs, 0 hits, 0 errors, 0 left on base; Bradenton 0 - Galveston 0 |
BOTTOM OF THE 5TH |
Galveston Sand Crabs batting - Pitching for Bradenton Sox : LHP Mike King
|
Batting: RHB Sergio Padilla
|
0-0: Ball 1-0: Ball 2-0: Ball 3-0: Base on Balls
|
Batting: RHB Willie Thomas
|
0-0: Sac Bunt to 15S - play at first, batter OUT! 1-3 Sergio Padilla to second
|
Batting: RHB Wil Muela
|
0-0: Foul Ball, location: 2F 0-1: Called Strike 0-2: Ball 1-2: Foul Ball, location: 2F 1-2: Fly out, F4 (Popup, 3S, EV 76.3 MPH)
|
Batting: LHB David Dyrek
|
0-0: Foul Ball, location: 2F 0-1: Called Strike 0-2: Foul Ball, location: 2F 0-2: Ball 1-2: Fly out, F7 (Flyball, 78D, EV 80.6 MPH)
|
Bottom of the 5th over - 0 runs, 0 hits, 0 errors, 1 left on base; Bradenton 0 - Galveston 0 |
TOP OF THE 6TH |
Bradenton Sox batting - Pitching for Galveston Sand Crabs : RHP Bill Mooneyham
|
Batting: RHB Dave Coss
|
0-0: Foul Ball, location: 2F 0-1: Swinging Strike 0-2: Strikes out swinging
|
Batting: RHB Robert Parr
|
0-0: Ground out 4-3 (Groundball, 34, EV 84.4 MPH)
|
Batting: RHB Dennis Tiefenthaler
|
0-0: Fly out, F8 (Flyball, 8RM, EV 90.0 MPH)
|
Top of the 6th over - 0 runs, 0 hits, 0 errors, 0 left on base; Bradenton 0 - Galveston 0 |
BOTTOM OF THE 6TH |
Galveston Sand Crabs batting - Pitching for Bradenton Sox : LHP Mike King
|
Batting: SHB Ricardo Rivera
|
0-0: Ball 1-0: Foul Ball, location: 2F 1-1: Fly out, F4 (Popup, 13, EV 83.8 MPH)
|
Batting: LHB Van Snider
|
0-0: SINGLE (Line Drive, 9S, EV 105.6 MPH)
|
Batting: RHB Stephen Fleming
|
0-0: Ball 1-0: Ball Van Snider steals 2nd base (no throw) 2-0: Called Strike 2-1: Called Strike 2-2: Strikes out swinging
|
Batting: RHB Cayetano Cadahia
|
0-0: Ball 1-0: Foul Ball, location: 2F 1-1: Ball 2-1: Ball 3-1: Base on Balls
|
Batting: LHB Dave Montanari
|
0-0: DOUBLE (Line Drive, 5D, EV 105.6 MPH) Van Snider scores Cayetano Cadahia to third Runner from 3rd tries for Home, SAFE, throw by LF to home
|
Batting: RHB Sergio Padilla
|
0-0: Ground out 4-3 (Groundball, 34, EV 80.0 MPH)
|
Bottom of the 6th over - 2 runs, 2 hits, 0 errors, 1 left on base; Bradenton 0 - Galveston 2 |
TOP OF THE 7TH |
Bradenton Sox batting - Pitching for Galveston Sand Crabs : RHP Bill Mooneyham
|
Batting: RHB Dave Hoeksema
|
0-0: Called Strike 0-1: Swinging Strike 0-2: Foul Ball, location: 2F 0-2: Strikes out looking
|
Batting: SHB Thomas Colburn
|
0-0: Ball 1-0: Swinging Strike 1-1: Called Strike 1-2: Ground out U3 (Groundball, 3, EV 90.6 MPH)
|
Batting: RHB William Murray
|
0-0: Ball 1-0: Ball 2-0: Swinging Strike 2-1: Foul Ball, location: 2F 2-2: Fly out, F6 (Popup, P, EV 78.1 MPH)
|
Top of the 7th over - 0 runs, 0 hits, 0 errors, 0 left on base; Bradenton 0 - Galveston 2 |
BOTTOM OF THE 7TH |
Galveston Sand Crabs batting - Pitching for Bradenton Sox : LHP Mike King
|
Batting: RHB Willie Thomas
|
0-0: Ball 1-0: Called Strike 1-1: Ball 2-1: Foul Ball, location: 2F 2-2: Foul Ball, location: 2F 2-2: Ball 3-2: Foul Ball, location: 2F 3-2: Ground out 6-3 (Groundball, 6, EV 100.0 MPH)
|
Batting: RHB Wil Muela
|
0-0: Called Strike 0-1: Fly out, F8 (Flyball, 8LM, EV 84.4 MPH)
|
Batting: LHB David Dyrek
|
0-0: Called Strike 0-1: Ball 1-1: Ground out U3 (Groundball, 34S, EV 93.8 MPH)
|
Bottom of the 7th over - 0 runs, 0 hits, 0 errors, 0 left on base; Bradenton 0 - Galveston 2 |
TOP OF THE 8TH |
Bradenton Sox batting - Pitching for Galveston Sand Crabs : RHP Bill Mooneyham
|
Batting: RHB Andre Wood
|
0-0: Swinging Strike 0-1: Fly out, F4 (Line Drive, 4, EV 69.4 MPH)
|
Batting: RHB Anthony Biafore
|
0-0: Ground out 5-3 (Groundball, 56, EV 108.1 MPH)
|
Batting: RHB Dennis Keating
|
0-0: Ball 1-0: Fly out, F8 (Flyball, 89M, EV 97.5 MPH)
|
Top of the 8th over - 0 runs, 0 hits, 0 errors, 0 left on base; Bradenton 0 - Galveston 2 |
BOTTOM OF THE 8TH |
Galveston Sand Crabs batting - Pitching for Bradenton Sox : LHP Mike King
|
Batting: SHB Ricardo Rivera
|
0-0: Ball 1-0: Fly out, F8 (Line Drive, 8LD, EV 95.6 MPH)
|
Batting: LHB Van Snider
|
0-0: Ball 1-0: Foul Ball, location: 2F 1-1: Ground out U3 (Groundball, 3, EV 85.0 MPH)
|
Batting: RHB Stephen Fleming
|
0-0: Called Strike 0-1: Ball 1-1: Swinging Strike 1-2: DOUBLE (Flyball, 8RXD, EV 108.1 MPH)
|
Batting: RHB Cayetano Cadahia
|
0-0: Ball 1-0: Ball Passed Ball! Stephen Fleming to third 2-0: Called Strike 2-1: Ball 3-1: Called Strike 3-2: Foul Ball, location: 2F 3-2: DOUBLE (Flyball, 89D, EV 91.3 MPH) Stephen Fleming scores
|
Pitching: RHP Ronald Nero
|
|
Batting: LHB Dave Montanari
|
0-0: Swinging Strike 0-1: Ball 1-1: Ball 2-1: Reached on error, E2 (Groundball, 15S, EV 65.6 MPH) Cayetano Cadahia to third
|
Batting: RHB Sergio Padilla
|
0-0: Swinging Strike 0-1: Ball 1-1: Foul Ball, location: 2F 1-2: Fly out, F9 (Flyball, 89M, EV 93.8 MPH)
|
Bottom of the 8th over - 1 run, 2 hits, 1 error, 2 left on base; Bradenton 0 - Galveston 3 |
TOP OF THE 9TH |
Bradenton Sox batting - Pitching for Galveston Sand Crabs : RHP Bill Mooneyham
|
Now at 1B: Roman Musselwhite
|
|
Batting: RHB Dave Coss
|
0-0: Ball 1-0: Ball 2-0: Ball 3-0: Swinging Strike 3-1: Swinging Strike 3-2: Strikes out swinging
|
Batting: RHB Robert Parr
|
0-0: Foul Ball, location: 2F 0-1: Called Strike 0-2: Strikes out swinging
|
Batting: RHB Dennis Tiefenthaler
|
0-0: Ball 1-0: Foul Ball, location: 2F 1-1: Swinging Strike 1-2: Ball 2-2: Ball 3-2: Strikes out swinging
|
Top of the 9th over - 0 runs, 0 hits, 0 errors, 0 left on base; Bradenton 0 - Galveston 3 |
|